[ AOE2 MATCH · #505790004 ]
UnrankedSlavs vs Celts
Player's team · LOSS
Rival team · WIN
[ REPLAY ANALYSIS · EXTRACTED FROM THE RECORDED GAME ]
Feudal
9:30
Castle
29:46
Imperial
41:48
| APM avg | 21.5 |
| APM peak | 50 |
| eAPM avg | 12.0 |
| Villagers / military | 98 / 64 |
Focus
⚔️ 28.3% · 🌾 71.7%
Boyar ×27 · Archer ×20 · Militia ×5 · Monk ×3 · Knight ×3 · Spearman ×3
Feudal
11:48
Castle
21:36
Imperial
38:26
| APM avg | 41.9 |
| APM peak | 99 |
| eAPM avg | 22.8 |
| Villagers / military | 129 / 114 |
Focus
⚔️ 26.7% · 🌾 73.3%
Spearman ×50 · Woad Raider ×43 · Mangonel ×13 · Trebuchet (Packed) ×4 · Monk ×3 · Militia ×1
Match map
Initial resources + every placement click. Lines = walls · curves = elevation contours. ◆ gold · ⬟ stone · ● berries · ✦ relic · ◌ wall gap
Your base· Open — unwalled flank
Guacamole de Élite's base· ✓ Closed at 21:36 · 31t walls · 1 gate(s)
Smoothed initial terrain · ◌ = detected wall gap · hover for details
Inputs per minute
— Kinait - - Guacamole de Élite
Build order — Kinait
First 150 of 313 actions detected
| 0:01 | Queue | Villager (Male) |
| 0:01 | Queue | Villager (Male) |
| 0:02 | Queue | Villager (Male) |
| 0:03 | Build | House |
| 0:04 | Build | House |
| 0:14 | Queue | Villager (Male) |
| 1:25 | Queue | Villager (Male) |
| 1:58 | Queue | Villager (Male) |
| 1:58 | Queue | Villager (Male) |
| 2:09 | Queue | Villager (Male) |
| 2:46 | Build | House |
| 2:48 | Queue | Villager (Male) |
| 2:58 | Queue | Villager (Male) |
| 2:58 | Queue | Villager (Male) |
| 3:23 | Build | Lumber Camp |
| 3:34 | Queue | Villager (Male) |
| 3:45 | Queue | Villager (Male) |
| 4:23 | Queue | Villager (Male) |
| 4:31 | Build | Mill |
| 4:43 | Queue | Villager (Male) |
| 5:11 | Queue | Villager (Male) |
| 5:20 | Queue | Villager (Male) |
| 6:08 | Queue | Villager (Male) |
| 6:21 | Queue | Villager (Male) |
| 6:40 | Research | Loom |
| 6:50 | Build | Barracks |
| 7:20 | Research | Feudal Age |
| 7:20 | Research | Feudal Age |
| 8:10 | Build | Mining Camp |
| 8:21 | Queue | Militia |
| 8:22 | Queue | Militia |
| 8:43 | Queue | Militia |
| 9:30 | Age | Feudal Age |
| 9:32 | Queue | Militia |
| 9:49 | Queue | Villager (Male) |
| 9:51 | Queue | Militia |
| 10:08 | Queue | Villager (Male) |
| 10:22 | Queue | Villager (Male) |
| 10:28 | Build | House |
| 10:53 | Queue | Villager (Male) |
| 10:58 | Build | House |
| 11:06 | Research | Man-at-Arms (upgrade) |
| 11:16 | Build | Watch Tower |
| 11:23 | Build | Mining Camp |
| 11:24 | Queue | Villager (Male) |
| 11:40 | Queue | Villager (Male) |
| 11:50 | Build | Farm |
| 11:54 | Queue | Villager (Male) |
| 12:09 | Queue | Spearman |
| 12:25 | Build | Watch Tower |
| 12:31 | Build | Farm |
| 12:35 | Build | Farm |
| 12:51 | Build | House |
| 12:53 | Queue | Villager (Male) |
| 13:20 | Queue | Villager (Male) |
| 13:37 | Queue | Villager (Male) |
| 14:02 | Queue | Villager (Male) |
| 14:21 | Build | Mill |
| 14:23 | Queue | Villager (Male) |
| 14:32 | Build | Farm |
| 14:33 | Queue | Villager (Male) |
| 14:58 | Build | House |
| 15:10 | Build | Watch Tower |
| 15:17 | Queue | Villager (Male) |
| 15:37 | Queue | Villager (Male) |
| 16:00 | Queue | Villager (Male) |
| 16:28 | Build | Watch Tower |
| 16:30 | Queue | Villager (Male) |
| 16:41 | Build | House |
| 16:59 | Build | Blacksmith |
| 17:01 | Queue | Villager (Male) |
| 17:39 | Queue | Villager (Male) |
| 17:41 | Research | Fletching |
| 17:56 | Build | Archery Range |
| 17:58 | Queue | Villager (Male) |
| 18:29 | Queue | Archer |
| 18:33 | Build | Archery Range |
| 18:34 | Queue | Villager (Male) |
| 18:40 | Build | Farm |
| 18:42 | Build | Farm |
| 18:44 | Queue | Villager (Male) |
| 18:55 | Queue | Archer |
| 19:04 | Queue | Archer |
| 19:15 | Build | Palisade Wall |
| 19:20 | Queue | Archer |
| 19:22 | Queue | Archer |
| 19:29 | Queue | Villager (Male) |
| 19:34 | Build | Farm |
| 19:42 | Build | Farm |
| 19:43 | Build | Farm |
| 19:59 | Queue | Archer |
| 20:01 | Queue | Archer |
| 20:13 | Build | Watch Tower |
| 20:17 | Queue | Archer |
| 20:18 | Queue | Archer |
| 20:19 | Queue | Villager (Male) |
| 20:26 | Build | Lumber Camp |
| 20:42 | Queue | Archer |
| 20:45 | Queue | Villager (Male) |
| 20:47 | Build | Farm |
| 21:01 | Build | House |
| 21:02 | Build | House |
| 21:06 | Queue | Villager (Male) |
| 21:20 | Build | House |
| 21:31 | Queue | Archer |
| 21:32 | Queue | Archer |
| 21:35 | Queue | Villager (Male) |
| 21:38 | Build | Farm |
| 21:42 | Build | House |
| 21:52 | Build | Watch Tower |
| 22:04 | Queue | Villager (Male) |
| 22:09 | Research | Forging |
| 22:09 | Research | Forging |
| 22:12 | Build | Farm |
| 22:16 | Build | House |
| 22:21 | Queue | Archer |
| 22:22 | Queue | Archer |
| 22:38 | Build | Farm |
| 22:39 | Queue | Villager (Male) |
| 22:53 | Queue | Villager (Male) |
| 23:16 | Queue | Archer |
| 23:17 | Queue | Archer |
| 23:24 | Build | Farm |
| 23:38 | Build | Watch Tower |
| 23:41 | Queue | Villager (Male) |
| 23:43 | Queue | Archer |
| 23:44 | Queue | Archer |
| 24:23 | Queue | Archer |
| 24:23 | Queue | Archer |
| 24:50 | Queue | Villager (Male) |
| 24:57 | Build | Farm |
| 24:58 | Build | Farm |
| 25:30 | Build | Stable |
| 25:31 | Queue | Villager (Male) |
| 25:34 | Build | House |
| 25:37 | Build | Farm |
| 25:51 | Build | Market |
| 26:02 | Queue | Spearman |
| 26:03 | Queue | Spearman |
| 26:08 | Build | Palisade Wall |
| 27:06 | Research | Castle Age |
| 27:07 | Research | Castle Age |
| 27:09 | Research | Double-Bit Axe |
| 27:09 | Research | Double-Bit Axe |
| 27:11 | Research | Horse Collar |
| 27:11 | Research | Horse Collar |
| 27:14 | Build | House |
| 27:15 | Build | House |
| 27:16 | Build | House |
| 27:42 | Research | Bloodlines |
Build order — Guacamole de Élite
First 150 of 387 actions detected
| 0:00 | Queue | Villager (Male) |
| 0:01 | Queue | Villager (Male) |
| 0:01 | Queue | Villager (Male) |
| 0:01 | Queue | Villager (Male) |
| 0:02 | Queue | Villager (Male) |
| 0:03 | Build | House |
| 0:05 | Build | House |
| 1:31 | Queue | Villager (Male) |
| 1:31 | Queue | Villager (Male) |
| 1:31 | Queue | Villager (Male) |
| 2:11 | Queue | Villager (Male) |
| 2:12 | Queue | Villager (Male) |
| 2:12 | Queue | Villager (Male) |
| 2:19 | Build | Lumber Camp |
| 2:47 | Queue | Villager (Male) |
| 2:47 | Queue | Villager (Male) |
| 3:10 | Queue | Villager (Male) |
| 3:10 | Queue | Villager (Male) |
| 3:33 | Queue | Villager (Male) |
| 4:04 | Queue | Villager (Male) |
| 4:04 | Queue | Villager (Male) |
| 4:04 | Queue | Villager (Male) |
| 4:19 | Research | Loom |
| 4:29 | Build | House |
| 4:31 | Build | House |
| 4:33 | Build | House |
| 4:53 | Queue | Villager (Male) |
| 4:53 | Queue | Villager (Male) |
| 4:53 | Queue | Villager (Male) |
| 5:40 | Queue | Villager (Male) |
| 5:40 | Queue | Villager (Male) |
| 6:36 | Queue | Villager (Male) |
| 6:36 | Queue | Villager (Male) |
| 6:37 | Queue | Villager (Male) |
| 6:51 | Queue | Villager (Male) |
| 6:51 | Queue | Villager (Male) |
| 6:51 | Queue | Villager (Male) |
| 7:02 | Build | Palisade Wall |
| 7:43 | Queue | Villager (Male) |
| 7:44 | Queue | Villager (Male) |
| 7:44 | Queue | Villager (Male) |
| 8:14 | Queue | Villager (Male) |
| 8:50 | Build | Mining Camp |
| 9:23 | Build | Mill |
| 9:38 | Research | Feudal Age |
| 9:46 | Build | House |
| 9:47 | Build | House |
| 9:48 | Build | House |
| 10:01 | Build | Palisade Gate |
| 10:08 | Build | Palisade Wall |
| 10:11 | Build | Palisade Wall |
| 10:27 | Build | Barracks |
| 10:43 | Build | House |
| 10:44 | Build | House |
| 11:48 | Age | Feudal Age |
| 11:55 | Build | House |
| 11:55 | Queue | Villager (Male) |
| 11:59 | Build | House |
| 12:03 | Build | House |
| 12:04 | Build | House |
| 12:11 | Research | Horse Collar |
| 12:13 | Research | Double-Bit Axe |
| 12:14 | Queue | Villager (Male) |
| 12:28 | Build | House |
| 12:30 | Build | House |
| 12:31 | Build | House |
| 12:38 | Queue | Villager (Male) |
| 12:44 | Build | Farm |
| 12:44 | Build | Farm |
| 12:44 | Build | Farm |
| 12:45 | Build | Farm |
| 12:47 | Build | Farm |
| 12:54 | Build | Farm |
| 12:58 | Build | Farm |
| 13:00 | Build | Farm |
| 13:01 | Queue | Villager (Male) |
| 13:02 | Queue | Villager (Male) |
| 13:22 | Build | Watch Tower |
| 13:34 | Build | House |
| 13:53 | Build | Palisade Wall |
| 13:54 | Build | Palisade Wall |
| 13:55 | Build | Palisade Wall |
| 14:05 | Build | House |
| 14:06 | Build | House |
| 14:08 | Queue | Villager (Male) |
| 14:08 | Queue | Villager (Male) |
| 14:31 | Queue | Villager (Male) |
| 14:39 | Queue | Villager (Male) |
| 14:39 | Queue | Villager (Male) |
| 15:07 | Queue | Villager (Male) |
| 15:24 | Build | Market |
| 15:28 | Queue | Villager (Male) |
| 15:31 | Build | Farm |
| 15:58 | Build | Farm |
| 16:00 | Build | Farm |
| 16:08 | Build | Watch Tower |
| 16:16 | Queue | Villager (Male) |
| 16:27 | Build | Blacksmith |
| 16:30 | Build | House |
| 16:43 | Queue | Villager (Male) |
| 16:46 | Build | Farm |
| 16:50 | Build | Farm |
| 16:55 | Build | Farm |
| 17:14 | Research | Fletching |
| 17:19 | Build | Mining Camp |
| 17:33 | Queue | Villager (Male) |
| 18:05 | Queue | Villager (Male) |
| 18:09 | Build | Farm |
| 18:16 | Build | Farm |
| 18:56 | Research | Castle Age |
| 19:24 | Research | Gold Mining |
| 19:44 | Research | Scale Mail Armor |
| 20:12 | Queue | Spearman |
| 20:12 | Queue | Spearman |
| 20:13 | Queue | Spearman |
| 20:52 | Research | Wheelbarrow |
| 21:36 | Age | Castle Age |
| 21:41 | Build | Town Center |
| 21:45 | Build | Siege Workshop |
| 22:09 | Queue | Mangonel |
| 22:20 | Build | House |
| 22:27 | Queue | Villager (Male) |
| 22:33 | Queue | Mangonel |
| 22:48 | Queue | Spearman |
| 22:48 | Queue | Spearman |
| 22:51 | Queue | Villager (Male) |
| 22:51 | Queue | Villager (Male) |
| 22:52 | Queue | Villager (Male) |
| 23:18 | Queue | Mangonel |
| 23:33 | Build | Stone Wall |
| 23:58 | Queue | Mangonel |
| 24:27 | Queue | Villager (Male) |
| 24:27 | Queue | Villager (Male) |
| 24:27 | Queue | Villager (Male) |
| 24:28 | Queue | Villager (Male) |
| 24:28 | Queue | Villager (Male) |
| 24:28 | Queue | Villager (Male) |
| 25:10 | Queue | Villager (Male) |
| 25:10 | Queue | Villager (Male) |
| 25:10 | Queue | Villager (Male) |
| 25:17 | Build | Farm |
| 25:30 | Queue | Mangonel |
| 25:32 | Queue | Villager (Male) |
| 25:32 | Queue | Villager (Male) |
| 25:45 | Build | Farm |
| 25:48 | Queue | Spearman |
| 25:48 | Queue | Spearman |
| 25:50 | Queue | Mangonel |
| 25:59 | Build | Farm |
| 26:28 | Build | Farm |
Match timeline
| 6:50 | Kinait · first_building Barracks |
| 7:02 | Guacamole de Élite · wall_segment Palisade Wall x3 |
| 9:30 | Kinait · age_up feudal |
| 10:08 | Guacamole de Élite · wall_segment Palisade Wall x7 |
| 10:11 | Guacamole de Élite · wall_segment Palisade Wall x18 |
| 10:27 | Guacamole de Élite · first_building Barracks |
| 11:48 | Guacamole de Élite · age_up feudal |
| 13:53 | Guacamole de Élite · wall_segment Palisade Wall x1 |
| 13:54 | Guacamole de Élite · wall_segment Palisade Wall x1 |
| 13:55 | Guacamole de Élite · wall_segment Palisade Wall x1 |
| 16:04 | Guacamole de Élite · first_market_buy 100 stone |
| 17:56 | Kinait · first_building Archery Range |
| 18:02 | Guacamole de Élite · first_market_sell 100 wood |
| 19:15 | Kinait · wall_segment Palisade Wall x2 |
| 21:36 | Guacamole de Élite · age_up castle |
| 21:45 | Guacamole de Élite · first_building Siege Workshop |
| 23:33 | Guacamole de Élite · wall_segment Stone Wall x1 |
| 25:30 | Kinait · first_building Stable |
| 26:08 | Kinait · wall_segment Palisade Wall x1 |
| 26:43 | Guacamole de Élite · wall_segment Stone Wall x6 |
| 27:58 | Kinait · wall_segment Palisade Wall x15 |
| 29:46 | Kinait · age_up castle |
| 29:58 | Kinait · first_building Siege Workshop |
| 31:04 | Kinait · wall_segment Stone Wall x9 |
| 31:42 | Kinait · first_market_sell 100 food |
| 31:42 | Kinait · first_market_buy 100 stone |
| 32:02 | Kinait · first_building Castle |
| 34:09 | Kinait · first_building Monastery |
| 34:11 | Guacamole de Élite · first_building Monastery |
| 35:17 | Kinait · wall_segment Palisade Wall x12 |
| 35:48 | Guacamole de Élite · first_building Castle |
| 38:26 | Guacamole de Élite · age_up imperial |
| 40:40 | Kinait · wall_segment Palisade Wall x11 |
| 41:48 | Kinait · age_up imperial |
| 48:30 | Kinait · resign |
[ AI ANALYSIS · 1 CREDIT ]
What really happened in this match?
Wolo.gg analyzes every decision: build order, eco, micro, common mistakes by bracket. Personalized analysis on WhatsApp or Discord in 30 seconds.
Civ guide
Slavs
Perfil
Jugador #87898